 Dungeon Crawl Stone Soup version 0.28-a0-1486-g8196b01e9b (webtiles) character file.

Game seed: 9789894025656475340

1798 Essalna the Magician (level 9, -2/93 HPs)
             Began as a Djinni Delver on Jan 12, 2022.
             Was an Initiate of the Shining One.
             Slain by wpisznazwe's ghost (8 damage)
             ... on level 6 of the Dungeon.
             The game lasted 00:14:02 (6602 turns).

Essalna the Magician (Djinni Delver)                Turns: 6602, Time: 00:14:02

Health: -2/93      AC:  4    Str: 11    XL:     9   Next: 30%
Gold:   268        EV: 13    Int: 17    God:    the Shining One [......] SH:  0 Dex: 14

rFire   + + .      SeeInvis +   y - +0 dagger (venom)
rCold   x . .      Faith    .   (no shield)
rNeg    . . .      Spirit   .   k - +1 robe of the Blind Marksman {MP+9}
rPois   ∞          Reflect  .   (no helmet)
rElec   .          Harm     .   (no cloak)
rCorr   .          Rampage  .   l - +0 pair of gloves
Will    .....                   (boots unavailable)
Stlth   ..........              t - amulet of regeneration
HPRegen 1.05/turn               o - ring of see invisible
MPRegen 0.00/turn               (no ring)

@: berserking, flying, glowing, very quick
A: sickness immunity, fire resistance 2, cold vulnerability 1, float, innate
caster, hp casting, extra vitality 1
a: Renounce Religion


You were on level 6 of the Dungeon.
You worshipped the Shining One.
The Shining One was noncommittal.
You visited 2 branches of the dungeon, and saw 8 of its levels.

You collected 268 gold pieces.

Inventory:

Hand Weapons
 a - a +0 falchion
 y - a +0 dagger of venom (weapon)
Missiles
 C - 4 throwing nets
Armour
 b - a +0 leather armour
 k - the +1 robe of the Blind Marksman (worn) {MP+9}
   (You found it on level 3 of the Dungeon)

   MP:        It affects your magic capacity (+9).
 l - a +0 pair of gloves (worn)
Magical Staves
 h - a staff of poison
 u - a staff of death
Jewellery
 o - a ring of see invisible (left hand)
 t - an amulet of regeneration (around neck)
Wands
 g - a wand of digging (3)
 j - a wand of polymorph (8)
Scrolls
 c - 2 scrolls of fog
 d - 4 scrolls of magic mapping
 e - 2 scrolls of fear
 m - a scroll of torment {unknown}
 n - 10 scrolls of identify {unknown}
 p - 10 scrolls of teleportation {unknown}
 q - a scroll of blinking {unknown}
 r - a scroll of enchant weapon {unknown}
 w - a scroll of vulnerability {unknown}
 x - a scroll of enchant armour {unknown}
 A - a scroll of amnesia {unknown}
Potions
 f - 3 potions of haste
 i - 2 potions of might {unknown}
 s - a potion of invisibility {unknown}
 v - a potion of berserk rage
 z - a potion of mutation {unknown}
 B - a potion of brilliance {unknown}
 D - a potion of resistance {unknown}
 E - a potion of attraction {unknown}


   Skills:
 - Level 4.0 Fighting
 - Level 3.0 Long Blades
 - Level 3.6 Dodging
 - Level 5.2 Stealth
 + Level 7.4 Spellcasting


You had 13 spell levels left.
You knew the following spells:

 Your Spells              Type           Power      Damage    Failure   Level
a - Magic Dart            Conj           100%       1d8       1%          1
b - Blink                 Tloc           62%        N/A       1%          2
c - Swiftness             Air            31%        N/A       1%          3
d - Stone Arrow           Conj/Erth      62%        3d10      1%          3
Your spell library was empty.

Dungeon Overview and Level Annotations

Branches:
Dungeon (7/15)             Temple (1/1) D:4

Altars:
Cheibriados
Dithmenos
Elyvilon
Fedhas
Gozag
Kikubaaqudgha
Makhleb
Nemelex Xobeh
Okawaru
Qazlal
Ru
Sif Muna
Trog
Uskayaw
Vehumet
Wu Jian
Yredelemnul
Zin
The Shining One

Shops:
D:1 *

Annotations:
D:6 wpisznazwe's ghost, novice DsGl


Innate Abilities, Weirdness & Mutations

You are immune to sickness and miasma.
You are immune to poison.
Your flesh is very heat resistant. (rF++)
You are vulnerable to cold. (rC-)
You float through the air rather than walking.
You learn spells naturally, not from books.
Your magical power is your life essence.
You have superior vitality. (+4 MHP)


Message History

Aiming: Stone Arrow (safe; 1% risk of failure)
Press: ? - help, Shift-Dir - straight line, f/p - wpisznazwe's ghost
Aim: wpisznazwe's ghost (heavily damaged, haloed, 80% to hit)
The stone arrow misses wpisznazwe's ghost.
The stone arrow misses the adder.
Wpisznazwe's ghost hits you.
* * * LOW HITPOINT WARNING * * *
Casting: Stone Arrow (safe; 1% risk of failure)
Confirm with . or Enter, or press ? or * to list all spells.
Aiming: Stone Arrow (safe; 1% risk of failure)
Press: ? - help, Shift-Dir - straight line, f/p - wpisznazwe's ghost
Aim: wpisznazwe's ghost (heavily damaged, haloed, 80% to hit)
The stone arrow hits wpisznazwe's ghost!
Wpisznazwe's ghost is severely damaged.
* * * LOW HITPOINT WARNING * * *
Wpisznazwe's ghost hits you!
* * * LOW HITPOINT WARNING * * *
Casting: Stone Arrow (safe; 1% risk of failure)
Confirm with . or Enter, or press ? or * to list all spells.
Aiming: Stone Arrow (safe; 1% risk of failure)
Press: ? - help, Shift-Dir - straight line, f/p - wpisznazwe's ghost
Aim: wpisznazwe's ghost (severely damaged, haloed, 80% to hit)
The stone arrow misses wpisznazwe's ghost.
The stone arrow hits the adder!
You kill the adder!
* * * LOW HITPOINT WARNING * * *
Wpisznazwe's ghost hits you. The Shining One protects you from harm!
Casting: Stone Arrow (safe; 1% risk of failure)
Confirm with . or Enter, or press ? or * to list all spells.
You don't have enough health to cast this spell.
Unknown command.
Unknown command.
Unknown command.
A red film seems to cover your vision as you go berserk!
You feel yourself moving faster!
You feel mighty!
Wpisznazwe's ghost hits you but does no damage.
You hit wpisznazwe's ghost.
Wpisznazwe's ghost is severely damaged.
Wpisznazwe's ghost hits you!
You die...

#
#.........#
#
#.#######.#
########
#.# #.#
.......#
#.# #.#
######.#
#.# #.# #
#.# #.# #.#
# #.## #†#
#.# # #..#
#W## #.# #
##.# ##@.#
#.# # #.#
###.# #.# #
#.#
≈S≈≈≈≈'.#
#.# #####
#.#
#######.#
#.# ....#
#.# ##..#
#.# ###.#
#.#
#########.#
#.# #.#
#.......#
#.# #.#
#.#######
###.###.#
#.#


You could see wpisznazwe's ghost.

Vanquished Creatures
  An unseen horror (D:6)
  A wraith (D:6)
  A wyvern (D:6)
  A water moccasin (D:7)
  A sky beast (D:6)
  A black bear (D:4)
  An ogre (D:4)
  A centaur (D:7)
  3 bullfrogs
  A kobold brigand (D:7)
  A water moccasin skeleton (D:3)
  A centaur zombie (D:6)
  A hound (D:4)
  An orc priest (D:7)
  3 bullfrog skeletons
  Natasha (thrice) (D:2)
  An orc wizard (D:6)
  A howler monkey zombie (D:6)
  5 adders
  4 gnolls (D:6)
  2 adder skeletons
  2 dart slugs
  16 orcs
  9 ball pythons
  5 endoplasms
  6 giant cockroaches
  8 goblins
  5 hobgoblins
  8 jackals
  10 kobolds
  2 quokkas
  5 bats
  3 frilled lizards (D:1)
  7 rats
121 creatures vanquished.

Vanquished Creatures (others)
  A hobgoblin (D:4)
1 creature vanquished.

Grand Total: 122 creatures vanquished

Notes
Turn   | Place    | Note
-------+----------+-------------------------------------------
     0 | D:5      | Essalna the Djinni Delver began the quest for the Orb.
     0 | D:5      | Reached XP level 1. HP: 20/20 MP: 0/0
    47 | D:5      | Noticed a yak
    49 | D:5      | Noticed a yak
    49 | D:5      | Noticed a yak
   209 | D:5      | Reached XP level 2. HP: 17/25 MP: 0/0
   209 | D:5      | Reached XP level 3. HP: 20/30 MP: 0/0
   209 | D:5      | Learned a level 1 spell: Magic Dart
   353 | D:5      | Reached XP level 4. HP: 16/35 MP: 0/0
   602 | D:5      | Found a burning altar of Makhleb.
   603 | D:5      | Noticed a yak
   604 | D:5      | Noticed a yak
   604 | D:5      | Noticed a yak
   757 | D:3      | Identified the +1 robe of the Blind Marksman {MP+9}
   827 | D:2      | Found an opulent altar of Gozag.
  1220 | D:2      | Noticed Natasha
  1226 | D:2      | Killed Natasha
  1425 | D:2      | Reached XP level 5. HP: 38/41 MP: 0/0
  1425 | D:2      | Learned a level 2 spell: Blink
  1932 | D:1      | Found a faded altar of an unknown god.
  2474 | D:1      | Found Woimpiob's Assorted Antiques.
  3079 | D:2      | Noticed Natasha
  3090 | D:2      | Killed Natasha
  3165 | D:2      | Noticed Natasha
  3192 | D:2      | Killed Natasha
  3350 | D:2      | Reached XP level 6. HP: 44/47 MP: 0/0
  3991 | D:3      | Reached skill level 5 in Stealth
  3991 | D:3      | Reached skill level 1 in Spellcasting
  4295 | D:4      | Noticed a black bear
  4427 | D:4      | Killed a black bear
  4428 | D:4      | Reached skill level 2 in Spellcasting
  4428 | D:4      | Reached XP level 7. HP: 49/52 MP: 0/0
  4428 | D:4      | Learned a level 3 spell: Swiftness
  4663 | D:4      | Reached skill level 3 in Spellcasting
  5007 | D:4      | Found a staircase to the Ecumenical Temple.
  5016 | Temple   | Entered the Ecumenical Temple
  5136 | Temple   | Became a worshipper of the Shining One
  5356 | D:6      | Noticed a wraith
  5394 | D:6      | Noticed a wyvern
  5394 | D:6      | Noticed an unseen horror
  5394 | D:6      | Noticed a water moccasin
  5431 | D:7      | Killed a water moccasin
  5432 | D:7      | Reached skill level 4 in Spellcasting
  5432 | D:7      | Reached XP level 8. HP: 43/58 MP: 0/0
  5565 | D:7      | Reached skill level 5 in Spellcasting
  5984 | D:6      | Killed an unseen horror
  5985 | D:6      | Reached skill level 6 in Spellcasting
  5985 | D:6      | Reached XP level 9. HP: 11/62 MP: 0/0
  5985 | D:6      | Learned a level 3 spell: Stone Arrow
  6310 | D:6      | Reached skill level 7 in Spellcasting
  6316 | D:6      | Found a runed translucent door.
  6322 | D:6      | Noticed wpisznazwe's ghost (novice DsGl)
  6600 | D:6      | The Shining One protects you from harm!
  6602 | D:6      | Slain by wpisznazwe's ghost

Illustrated notes

Levels and vault maps discovered:
D:1:      dpeg_arrival_another_circle, layout_loops_ring,
          shapermc_ecumenical_altar_flowoftime, serial_shops,
          nicolae_shop_crystal, chequers_garden, minmay_hexomino_p4
D:2:      layout_loops_cross, basic_altar, uniq_natasha
D:3:      layout_basic
D:4:      layout_basic, temple_hall, chequers_serial_rivers_small_3, hex_large,
          minmay_fractal_squares_diagonal_5
D:5:      layout_loops_ring, beargit_hepliaklqana_dungeon_heroes,
          bloody_makhleb, serial_shops, nicolae_shop_crystal
D:6:      layout_loops_ring, ebering_ghost_sewer_d, grunt_decor_fettered,
          kb_rosetta
D:7:      layout_basic, serial_shops, shop
Temple:   mainiacjoe_temple_coin_purse

Skill      XL: |  1  2  3  4  5  6  7  8  9 |
---------------+----------------------------+-----
Long Blades    | 2 3 |  3.0
Dodging        | 3 |  3.6
Fighting       | 4 |  4.0
Stealth        | 5 |  5.2
Spellcasting   | 2 4 6 7 |  7.4

Action                   |  1- 3 |  4- 6 |  7- 9 || total
-------------------------+-------+-------+-------++-------
Melee: Falchion          |    26 |   169 |    31 ||   226
       Punch             |     1 |     5 |     2 ||     8
       Dagger            |       |       |   104 ||   104
 Cast: Magic Dart        |     3 |   173 |    70 ||   246
       Blink             |       |       |     4 ||     4
       Stone Arrow       |       |       |    20 ||    20
  Use: Potion            |       |       |     1 ||     1
 Stab: Sleeping          |       |     1 |     3 ||     4
Armor: Leather armour    |     6 |     1 |       ||     7
       Robe              |       |    47 |    22 ||    69
Dodge: Dodged            |    18 |   184 |   110 ||   312

Table legend: (Time is in decaauts)
 A = Elapsed time spent in this place.
 B = Non-inter-level travel time spent in this place.
 C = Inter-level travel time spent in this place.
 D = Time resting spent in this place.
 E = Time spent auto-exploring this place.
 F = Levels seen in this place.
 G = Mean time per level.
                   A        B        C        D        E       F      G
               +--------+--------+--------+--------+--------+-----+--------+
         Total |   6632 |   6394 |    238 |     98 |   4990 |   8 |  829.0 |
       Dungeon |   6499 |   6288 |    211 |     98 |   4904 |   7 |  928.4 |
        Temple |    132 |    105 |     27 |      0 |     86 |   1 |  132.0 |
               +--------+--------+--------+--------+--------+-----+--------+

Top non-repeatable levels by time:
     D:2: 1449 daAuts
     D:1: 1407 daAuts
     D:6: 1075 daAuts
     D:4: 887 daAuts
     D:3: 715 daAuts
     D:5: 624 daAuts
     D:7: 339 daAuts
  Temple: 132 daAuts
